 Dungeon Crawl Stone Soup version 0.31.0-1-g2c135a0 (webtiles) character file.

Game seed: 7952160360086426498

12 bonegar the Sneak (level 2, 22/22 HPs)
             Began as a Naga Enchanter on Feb 3, 2024.
             Was an Initiate of Ru.
             Got out of the dungeon alive.
             The game lasted 00:04:29 (418 turns).

bonegar the Sneak (Naga Enchanter)                   Turns: 418, Time: 00:04:29

Health: 22/22      AC:  1    Str: 10    XL:     2   Next: 33%
Magic:  5/5        EV:  9    Int: 15    God:    Ru [......]
Gold:   45         SH:  0    Dex: 11    Spells: 5/5 levels left

rFire   . . .        a - +1 dagger
rCold   . . .        (no shield)
rNeg    . . .        b - +0 robe
rPois   +            (no helmet)
rElec   .            (no cloak)
rCorr   .            (no gloves)
SInv    +            (no barding)
Will    .....        (no amulet)
Stlth   +++          (no ring)
HPRegen 0.23/turn    (no ring)
MPRegen 0.09/turn

%: no passive effects
@: very slow
A: AC +0, large, see invisible, deformed body, poison resistance, slowness 2,
spit poison 1, naga tail 1
a: Spit Poison, Renounce Religion, Sacrifice Drink, Sacrifice an Eye, Sacrifice
Forms, Reject Sacrifices


You escaped.
You worshipped Ru.
Ru was noncommittal.
You visited 1 branch of the dungeon, and saw 1 of its levels.

You collected 45 gold pieces.

Inventory:

Hand Weapons
 a - a +1 dagger (weapon)
Armour
 b - a +0 robe (worn)
 f - a +0 pair of gloves
 h - a +0 plate armour
 i - a +0 buckler
Scrolls
 d - a scroll of amnesia {unknown}
 g - 2 scrolls of identify {unknown}
Potions
 c - 2 potions of invisibility
 e - a potion of brilliance {unknown}


   Skills:
 + Level 1.0 Short Blades
 + Level 1.6 Dodging
 + Level 4.9 Stealth
 + Level 2.1 Spellcasting
 + Level 3.3 Hexes


You had 5 spell levels left.
You didn't know any spells.
Your spell library contained the following spells:

 Spells                   Type           Power      Damage    Failure   Level
 Ensorcelled Hibernation  Hex/Ice        12%        N/A       17%         2
 Confusing Touch          Hex            11%        N/A       17%         3
 Tukima's Dance           Hex            11%        N/A       17%         3
 Dazzling Flash           Conj/Hex       12%        N/A       32%         3


Dungeon Overview and Level Annotations

Branches:
Dungeon (1/15)

Altars:
Ru


Innate Abilities, Weirdness & Mutations

Your serpentine skin is tough. (AC +0)
You have supernaturally acute eyesight. (SInv)
Armour fits poorly on your strangely shaped body.
Your system is resistant to poisons. (rPois)
You cover ground very slowly.
You can spit poison.
You have a snake-like lower body.


Message History

You are frozen.
You hit the endoplasm but do no damage. You punch the endoplasm.
You kill the endoplasm!
Found a human skeleton.
You see here a +0 buckler.
i - a +0 buckler You start resting.
HP restored.
Found a faded altar of an unknown god.
You see here a +0 dagger.
There is a faded altar of an unknown god here.
Unknown command.
Press < or > to pray at altars.
This altar belongs to (a) Jiyva, (b) Dithmenos or (c) Ru, but you can't tell which.
Press the corresponding letter to learn more about a god, or press enter to convert or escape to cancel.
Ru accepts your prayer! Ru welcomes you!
There's nothing to close nearby.
Unknown command.
Press < or > to pray at altars.
Ru believes you are ready to make a new sacrifice.
There is a sacrificial altar of Ru here.
You offer a prayer to Ru.
You offer a prayer to Ru.
You offer a prayer to Ru.
Unknown command.
Unknown command.
Welcome back, bonegar the Naga Enchanter.
Ru says: Cut away your false body!
Press ? for a list of commands and other information.
You see here a +0 dagger.
You see here a human skeleton.
There is an open door here.
There is an open door here.
There is a staircase leading out of the dungeon here.
Unknown command.
There is a staircase leading out of the dungeon here.
You can't go down here!
Alright, then stay!
You can't go down here!
You have escaped!

..#.# ....
#.#.# ♣♣♣
#### #[#.#
♣.. #.#.#
♣.♣♣ #.#.#
♣.♣ ####.#.#
♣♣♣.♣♣♣
#......#
♣.♣.♣.♣
#......#
♣...♣
+......#
♣.@.♣
#.....##
♣♣...♣
#####.#
♣♣...♣♣ #.#
♣.♣.♣.♣ #.#
♣...♣♣♣ #.#
♣.♣.♣♣ #.#
♣..♣.♣ #.#
♣...♣♣
#.#######..##


There were no monsters in sight!

Vanquished Creatures
  5 endoplasms (D:1)
  3 giant cockroaches (D:1)
  A kobold (D:1)
9 creatures vanquished.

Notes
Turn   | Place    | Note
-------+----------+-------------------------------------------
     0 | D:1      | bonegar the Naga Enchanter began the quest for the Orb.
     0 | D:1      | Reached XP level 1. HP: 15/15 MP: 3/3
   113 | D:1      | Reached XP level 2. HP: 22/22 MP: 5/5
   244 | D:1      | Found a faded altar of an unknown god.
   254 | D:1      | Prayed at the altar of an unknown god.
   254 | D:1      | Became a worshipper of Ru the Awakened
   418 | D:$      | Got out of the dungeon alive.

Illustrated notes

Levels and vault maps discovered:
D:1:      roderic_dead_forest, layout_basic, shapermc_ecumenical_altar_pompeii

Action                     || total
---------------------------++-------
  Melee: Dagger            ||    22
         Punch             ||     1
   Stab: Sleeping          ||     5
 Armour: Robe              ||     5
  Dodge: Dodged            ||     9
